 Dungeon Crawl Stone Soup version 0.23.0-3-gf3c87f2 (webtiles) character file.

Game seed: 14900716629415138774

80490 Quiddity1 the Arsonist (level 15, -3/115 HPs)
             Began as a Red Draconian Wizard on Feb 20, 2019.
             Was a High Priest of Sif Muna.
             Shot with a sling bullet by a faun (6 damage)
             ... on level 2 of the Shoals on Feb 21, 2019.
             The game lasted 03:19:05 (41542 turns).

Quiddity1 the Arsonist (Red Draconian Wizard)      Turns: 41542, Time: 03:19:06

Health: -3/115     AC: 19    Str: 12    XL:     15   Next: 24%
Magic:  9/29       EV: 14    Int: 23    God:    Sif Muna [*****.]
Gold:   3204       SH:  5    Dex:  9    Spells: 9/35 levels left

rFire    + + +     SeeInvis .   T - staff of fire
rCold    + . .     Gourm    +   C - +1 buckler {rF+}
rNeg     . . .     Faith    .   (armour unavailable)
rPois    .         Spirit   .   R - +2 hat
rElec    +         Reflect  .   a - +1 cloak {+Inv}
rCorr    +         Harm     .   G - +2 pair of gloves
MR       +....                  v - +2 pair of boots
Stlth    +++.......             S - amulet of the gourmand
HPRegen  0.29/turn              X - ring of resist corrosion
MPRegen  0.21/turn              Q - ring "Nitum Orch" {rElec rC+ Stlth+}

@: very slightly contaminated, slowed, divine energy, very slow
A: breathe fire, unfitting armour, fire resistance 1, cold-blooded, AC +9
a: Breathe Fire, Stop Divine Energy, Channel Magic, Forget Spell, Renounce
Religion, Evoke Invisibility


You were on level 2 of the Shoals.
You worshipped Sif Muna.
Sif Muna was extremely pleased with you.
You were hungry.

You visited 5 branches of the dungeon, and saw 21 of its levels.
You also visited: Ossuary and Gauntlet.

You collected 3348 gold pieces.
You spent 144 gold pieces at shops.

Inventory:

Hand Weapons
 t - a +0 lajatang
Missiles
 H - 3 throwing nets (quivered)
Armour
 a - a +1 cloak of invisibility (worn)
 e - the +2 pair of boots "Voub Dent" {*Slow MR+ Slay+2}
   (You found it on level 1 of the Lair of Beasts)

   It affects your accuracy and damage with ranged weapons and melee attacks
   (+2).
   It affects your resistance to hostile enchantments.
   It may slow you when you take damage.
 v - a +2 pair of boots (worn)
 C - a +1 buckler of fire resistance (worn)
 G - a +2 pair of gloves (worn)
 M - a +2 cloak
 R - a +2 hat (worn)
Magical Staves
 y - an uncursed staff of death
 T - an uncursed staff of fire (weapon)
Jewellery
 h - an uncursed ring of stealth
 q - a +4 ring of slaying
 J - a +4 ring of protection
 Q - the ring "Nitum Orch" (right hand) {rElec rC+ Stlth+}
   (You found it on level 2 of the Lair of Beasts)

   [ring of protection from cold]

   It protects you from cold.
   It insulates you from electricity.
   It makes you more stealthy.
 S - an amulet of the gourmand (around neck)
 V - a +6 ring of dexterity
 W - an uncursed ring of protection from magic
 X - a ring of resist corrosion (left hand)
Wands
 p - a wand of scattershot (8)
 A - a wand of acid (1)
 I - a wand of polymorph (12)
 K - a wand of clouds (3)
 N - a wand of random effects (19)
Scrolls
 g - a scroll of blinking
 i - 10 scrolls of remove curse
 j - 3 scrolls of teleportation
 n - a scroll of fog
 s - 3 scrolls of immolation
 D - 5 scrolls of amnesia
 E - 2 scrolls of enchant weapon
 F - 3 scrolls of torment
 L - a scroll of silence
 O - a scroll of vulnerability
 U - a scroll of holy word
Potions
 b - 2 potions of brilliance
 d - a potion of magic
 k - 4 potions of ambrosia
 m - 4 potions of agility
 u - 5 potions of berserk rage
 w - 2 potions of mutation
 x - a potion of invisibility
 z - 5 potions of flight
 B - 3 potions of haste
 P - 6 potions of might
Miscellaneous
 l - a lamp of fire (inert)
 o - a sack of spiders
 r - a crystal ball of energy
Comestibles
 c - 32 rations


   Skills:
 - Level 6.1 Fighting
 + Level 7.6 Staves
 - Level 6.0 Dodging
 - Level 1.7 Stealth
 - Level 4.1 Shields
 + Level 10.5 Spellcasting
 * Level 12.0 Conjurations
 + Level 6.2 Summonings
 * Level 2.7 Necromancy
 - Level 4.0 Translocations
 * Level 14.2 Fire Magic
 - Level 5.6 Air Magic
 - Level 2.3 Poison Magic
 - Level 4.0 Invocations
 + Level 9.4 Evocations


You had 9 spell levels left.
You knew the following spells:

 Your Spells              Type           Power        Failure   Level  Hunger
a - Bolt of Fire          Conj/Fire      #######...   3%          6    ######.
b - Magic Dart            Conj           ####         1%          1    None
c - Blink                 Tloc           N/A          1%          2    None
d - Mephitic Cloud        Conj/Pois/Air  #####...     1%          3    None
e - Animate Skeleton      Necr           N/A          1%          1    None
f - Conjure Flame         Conj/Fire      #######.     1%          3    None
g - Apportation           Tloc           ####..       1%          1    None
h - Call Imp              Summ           #####...     1%          2    None
i - Vampiric Draining     Necr           ###.......   5%          3    None
j - Airstrike             Air            #####.....   5%          4    #......

Your spell library contained the following spells:

 Spells                   Type           Power        Failure   Level  Hunger
 Shock                    Conj/Air       ####         1%          1    None
 Sting                    Conj/Pois      ####         1%          1    None
 Summon Small Mammal      Summ           ####         1%          1    None
 Poisonous Vapours        Pois/Air       ####..       1%          2    None
 Call Canine Familiar     Summ           #####...     1%          3    None
 Recall                   Summ/Tloc      N/A          1%          3    None
 Static Discharge         Conj/Air       ######..     1%          3    None
 Force Lance              Conj/Tloc      #####...     1%          4    #......
 Sticky Flame             Conj/Fire      #######.     1%          4    #......
 Swiftness                Chrm/Air       ####....     2%          2    None
 Shroud of Golubria       Chrm/Tloc      ###.......   3%          2    None
 Gell's Gravitas          Tloc           ####......   3%          3    None
 Lesser Beckoning         Tloc           ####......   3%          3    None
 Teleport Other           Tloc           ####....     3%          3    None
 Summon Lightning Spire   Summ/Air       #####...     4%          4    #......
 Lightning Bolt           Conj/Air       ######....   4%          5    ####...
 Confusing Touch          Hex            ##....       5%          1    None
 Venom Bolt               Conj/Pois      #####.....   8%          5    ####...
 Slow                     Hex            ##......     9%          2    None
 Song of Slaying          Chrm           ##......     9%          2    None
 Irradiate                Conj/Tmut      #####.....   13%         5    ####...
 Confuse                  Hex            ##......     16%         3    None
 Spectral Weapon          Hex/Chrm       ##......     16%         3    None
 Summon Forest            Summ/Tloc      #####.....   19%         5    ####...
 Olgreb's Toxic Radiance  Pois           ###.....     21%         4    #......
 Conjure Ball Lightning   Conj/Air       ######....   22%         6    ######.
 Dispel Undead            Necr           ###.....     43%         5    ####...
 Petrify                  Tmut/Erth      ##......     47%         4    #......
 Shadow Creatures         Summ           N/A          54%         6    ######.
 Alistair's Intoxication  Tmut/Pois      ###.....     67%         5    ####...
 Ignition                 Fire           #######...   69%         8    #######
 Spellforged Servitor     Conj/Summ      ######....   71%         7    #######
 Metabolic Englaciation   Hex/Ice        ##........   83%         5    ####...
 Yara's Violent Unravell  Hex/Tmut       ##........   83%         5    ####...
 Monstrous Menagerie      Summ           #####.....   98%         7    #######
 Hydra Form               Tmut           ##........   100%        6    ######.
 Ozocubu's Refrigeration  Ice            ##........   100%        6    ######.
 Statue Form              Tmut/Erth      ##.......    100%        6    ######.
 Dragon Form              Tmut           ##........   100%        7    #######
 Controlled Blink         Tloc           N/A          100%        8    #######
 Lehudib's Crystal Spear  Conj/Erth      #####.....   100%        8    #######


Dungeon Overview and Level Annotations

Branches:
Dungeon (10/15)            Temple (1/1) D:7            Lair (6/6) D:9
 Shoals (2/4) Lair:3        Snake (0/4) Lair:2        Slime (0/5) Lair:6
    Orc (2/2) D:9             Elf (0/3) Orc:2

Altars:
Ashenzari
Cheibriados
Dithmenos
Elyvilon
Fedhas
Gozag
Hepliaklqana
Kikubaaqudgha
Makhleb
Nemelex Xobeh
Okawaru
Qazlal
Ru
Sif Muna
Trog
Uskayaw
Vehumet
Wu Jian
Xom
Yredelemnul
Zin
The Shining One
Jiyva

Shops:
D:6 (   Orc:2 [!%%

Annotations:
D:3 exclusion: downstairs
D:8 1 runed translucent door, miconnor's ghost, novice OpMo
Lair:2 1 runed translucent door, pmoppi's ghost, journeyman VSBe
Lair:3 exclusion: downstairs
Lair:6 1 runed translucent door


Innate Abilities, Weirdness & Mutations

You can breathe blasts of fire.
Your fiery red scales are hard. (AC +9)
You cannot fit into any form of body armour.
Your flesh is heat resistant. (rF+)
You are cold-blooded and may be slowed by cold attacks.


Message History

You feel better.
The faun shoots a stone.
The stone hits you but does no damage.
The faun shoots a sling bullet.
The sling bullet hits you.
* * * LOW HITPOINT WARNING * * *
The faun shoots a stone.
The stone hits you!!
* * * LOW HITPOINT WARNING * * *
Evoke which item? (* to show all) (? for menu, Esc to quit)
Okay, then.
Blink to where?
Press: ? - help, Dir - move target cursor, p - faun
Okay, then.
Press: ? - help, v - describe, . - travel
Here: a faun, wielding a +0 hunting sling (heavily wounded)
The floor.
Blink to where?
Press: ? - help, Dir - move target cursor, p - faun You are very lightly contaminated with residual magic.
As you read the scroll of blinking, it crumbles to dust.
The faun shoots a sling bullet.
The sling bullet hits you.
You die...

≈≈≈≈≈≈≈≈≈≈≈≈≈≈≈≈≈≈
≈≈≈≈≈≈≈≈≈≈≈≈≈≈≈≈≈≈≈
≈≈≈≈≈≈≈≈≈≈≈≈≈≈≈≈≈≈≈
≈≈≈P≈PPP≈≈≈≈≈≈≈≈≈≈≈
≈≈≈≈PPP≈≈≈≈≈≈≈≈≈≈≈≈≈≈≈
≈≈≈P≈PP>.....≈≈≈≈≈≈≈≈≈≈
≈≈≈≈≈≈.....(..≈≈≈≈≈≈≈≈≈≈≈
≈≈≈≈≈≈.(..##.≈..)≈≈≈≈≈≈≈≈
≈≈≈≈≈..(@###......≈≈≈≈≈≈≈
≈≈≈≈≈....###.....≈≈≈≈≈≈≈≈
≈≈≈≈≈≈≈..(##......≈≈≈P≈P≈
≈≈≈≈≈≈...§........≈≈≈P≈Pt
≈≈≈≈≈≈≈≈≈)..##....).PPPP≈
≈≈≈≈≈≈≈≈..).####.(m(≈PP≈m
≈≈≈≈≈≈≈≈..cc###...##.≈≈≈m
≈≈≈≈≈≈≈≈≈.(.)..t..#PPPP≈.
≈≈≈≈≈≈≈≈≈......(..≈PPP..


You could see 2 fauns.

Vanquished Creatures
  Gastronok (Lair:2)
  Frances (Shoals:1)
  A dire elephant (Lair:3)
  A minotaur (Gauntlet)
  A merfolk javelineer (Shoals:2)
  2 fire dragons (Lair:6)
  An ogre mage (Orc:2)
  A hydra (Lair:2)
  A catoblepas (Gauntlet)
  8 two-headed ogres
  Urug (Orc:1)
  5 sea snakes (Shoals:1)
  2 deep trolls (Orc:2)
  A large abomination (Gauntlet)
  A swamp dragon (Lair:6)
  A lindwurm (Lair:6)
  Pikel (D:5)
  4 harpies
  2 orc knights (Orc:1)
  3 oklob plants (Lair:4)
  8 fauns
  2 orc sorcerers
  An ugly thing (D:9)
  4 manticores
  A deep elf mage (D:8)
  4 cyclopes (Orc:2)
  11 elephants
  5 merfolk sirens
  3 black mambas
  Maurice (Orc:1)
  5 torpor snails (Lair:6)
  2 gargoyles (Gauntlet)
  2 water nymphs (Shoals:1)
  8 spiny frogs
  6 komodo dragons
  A rime drake (Lair:6)
  8 merfolk
  9 trolls
  6 hornets
  3 snapping turtles
  4 tyrant leeches
  3 hippogriffs
  5 dream sheep (Lair:5)
  11 blink frogs
  A water elemental (Shoals:1)
  A spriggan (Lair:3)
  4 wyverns
  4 flying skulls (Gauntlet)
  4 yaks
  A steam dragon (D:9)
  3 basilisks (Lair:6)
  3 wargs (Orc:1)
  2 nagas (Lair:2)
  2 acid dragons (Lair:6)
  8 water moccasins
  12 orc warriors
  A sky beast (D:6)
  2 porcupines
  2 swamp drakes (Lair:6)
  6 ice beasts
  6 wolves (Lair:1)
  2 centaurs
  25 ogres
  2 phantoms
  9 crocodiles
  Blork the orc (D:3)
  8 bullfrogs
  A gnoll sergeant (D:5)
  A water moccasin zombie (D:9)
  2 killer bees (D:9)
  7 wights
  5 electric eels
  A howler monkey (D:7)
  4 crimson imps
  2 bullfrog zombies
  2 centaur skeletons
  2 jellies
  17 orc priests
  A gnoll shaman (D:6)
  A hound (D:6)
  2 iguanas
  14 orc wizards
  A bullfrog skeleton (D:5)
  Crazy Yiuf (D:5)
  9 worker ants
  A hound zombie (D:6)
  A worker ant zombie (D:6)
  8 adders
  2 gnolls
  A shadow imp (D:9)
  An adder skeleton (D:6)
  An adder zombie (D:7)
  3 leopard geckos
  58 orcs
  6 bats
  6 giant cockroaches
  5 goblins
  3 hobgoblins
  2 jackals
  A ball python (D:5)
  4 frilled lizards
  4 hobgoblin zombies (Ossuary)
  12 kobolds
  2 leopard gecko skeletons
  A quokka skeleton (D:4)
  A rat (D:2)
  A bush (Lair:4)
  9 plants
467 creatures vanquished.

Vanquished Creatures (collateral kills)
  3 hydras
  An ogre mage (Orc:2)
  A two-headed ogre (Orc:2)
  3 death yaks (Lair:6)
  A manticore (Shoals:2)
  8 elephants (Lair:3)
  A black mamba (Lair:5)
  2 spiny frogs
  2 komodo dragons
  A wind drake (Shoals:1)
  A merfolk (Shoals:1)
  A troll (Orc:2)
  Prince Ribbit (D:5)
  A hornet (Lair:6)
  3 blink frogs
  A snapping turtle (Shoals:1)
  A hippogriff (D:9)
  Sigmund (D:4)
  A yak (shapeshifter) (D:9)
  5 yaks
  3 water moccasins
  An acid dragon (D:9)
  A swamp drake (Lair:6)
  A porcupine (Lair:1)
  An orc warrior (Orc:2)
  An ogre (D:4)
  2 phantoms
  3 ice beasts
  A wolf (Lair:1)
  A centaur (D:8)
  A crocodile (Lair:6)
  4 bullfrogs
  3 scorpions
  3 wights (D:7)
  2 crimson imps
  A bullfrog zombie (D:7)
  2 hounds
  5 orc wizards
  A bullfrog skeleton (D:8)
  2 centaur skeletons
  An iguana (D:5)
  2 worker ants
  2 hound skeletons
  A worker ant zombie (D:8)
  8 mummies (Ossuary)
  5 adders
  4 gnolls
  A river rat (D:4)
  3 shadow imps
  3 oozes
  A worm (D:2)
  2 dart slugs (D:2)
  A leopard gecko (D:4)
  15 orcs
  4 giant cockroaches
  A gnoll zombie (Ossuary)
  4 goblins
  3 hobgoblins
  3 jackals (D:3)
  A kobold (D:3)
  2 quokkas
  4 frilled lizards
  2 hobgoblin zombies (Ossuary)
  A jackal skeleton (D:5)
  An orc zombie (Ossuary)
  2 quokka zombies
  3 rats
  6 fungi (Lair:3)
  6 plants
170 creatures vanquished.

Vanquished Creatures (others)
  2 slaves (D:5)
  An orc priest (D:5)
  A bullfrog skeleton (D:5)
  An orc wizard (D:5)
  A worker ant (D:5)
  An ooze (D:5)
  An adder skeleton (D:8)
  A worm (D:5)
  A leopard gecko (D:5)
  4 orcs
  A quokka (D:5)
  29 demonic plants (Gauntlet)
  73 fungi
  71 plants
188 creatures vanquished.

Grand Total: 825 creatures vanquished

Notes
Turn   | Place    | Note
-------+----------+-------------------------------------------
     0 | D:1      | Quiddity1 the Draconian Wizard began the quest for the Orb.
     0 | D:1      | Reached XP level 1. HP: 14/14 MP: 4/4
   499 | D:1      | Reached XP level 2. HP: 20/20 MP: 1/6
   550 | D:1      | Learned a level 2 spell: Blink
   553 | D:1      | Learned a level 2 spell: Call Imp
  1099 | D:2      | Found a sacrificial altar of Ru.
  1118 | D:2      | Found a snail-covered altar of Cheibriados.
  1447 | D:2      | Reached XP level 3. HP: 26/26 MP: 4/7
  1477 | D:2      | Learned a level 3 spell: Mephitic Cloud
  2627 | D:2      | Found an iron altar of Okawaru.
  2833 | D:2      | Reached XP level 4. HP: 19/33 MP: 0/9
  3072 | D:3      | Reached skill level 1 in Air Magic
  3762 | D:3      | You fall through a shaft!
  3763 | D:4      | Noticed Blork the orc
  3763 | D:4      | Noticed Sigmund
  3763 | D:4      | Noticed an ice beast
  3852 | D:3      | Reached skill level 1 in Poison Magic
  4103 | D:3      | Noticed a phantom
  4206 | D:3      | Killed a phantom
  4206 | D:3      | Reached XP level 5. HP: 18/38 MP: 1/10
  4896 | D:4      | Noticed an ogre
  5012 | D:3      | Killed an ice beast
  5012 | D:3      | Reached XP level 6. HP: 23/45 MP: 1/11
  5022 | D:3      | Learned a level 1 spell: Animate Skeleton
  5257 | D:4      | Killed Sigmund
  5630 | D:3      | Killed Blork the orc
  6524 | D:4      | Your scales start taking on a fiery red colour.
  6524 | D:4      | Reached XP level 7. HP: 50/50 MP: 9/13
  6524 | D:4      | Gained mutation: Your flesh is heat resistant. (rF+) [Red
                  | Draconian growth]
  6573 | D:4      | Learned a level 3 spell: Conjure Flame
  6784 | D:4      | Reached skill level 1 in Fire Magic
  6830 | D:5      | Entered Level 5 of the Dungeon
  6862 | D:5      | Noticed Pikel
  6884 | D:5      | Killed Pikel
  6884 | D:5      | Reached skill level 3 in Fire Magic
  6936 | D:4      | Reached XP level 8. HP: 28/57 MP: 0/14
  7368 | D:5      | Found a shimmering altar of Xom.
  7370 | D:5      | Noticed an angel
  7372 | D:5      | Found a glowing silver altar of Zin.
  7618 | D:5      | Found a runed translucent door.
  7619 | D:5      | Noticed Crazy Yiuf
  7707 | D:5      | Reached skill level 4 in Fire Magic
  8046 | D:5      | Noticed Prince Ribbit
  8058 | D:5      | Killed Prince Ribbit
  8187 | D:5      | Reached skill level 5 in Spellcasting
  8374 | D:5      | Killed Crazy Yiuf
  8683 | D:5      | Learned a level 1 spell: Apportation
  8764 | D:6      | Reached skill level 5 in Fire Magic
  8952 | D:6      | Found Ostibb's Antique Weapon Boutique.
  8975 | D:6      | Reached skill level 5 in Conjurations
  9012 | D:6      | Reached skill level 1 in Necromancy
  9438 | D:6      | Found a shattered altar of Ashenzari.
  9593 | D:6      | Reached skill level 6 in Fire Magic
  9829 | D:7      | Found a staircase to the Ecumenical Temple.
  9838 | Temple   | Entered the Ecumenical Temple
  9878 | Temple   | Became a worshipper of Sif Muna the Loreminder
 10102 | D:7      | Reached XP level 9. HP: 48/63 MP: 11/17
 10147 | D:7      | Found a basalt altar of Yredelemnul.
 10209 | D:7      | Reached skill level 1 in Fighting
 10270 | D:7      | Found a sand-covered staircase.
 10276 | Ossuary  | Entered an ossuary
 11174 | D:7      | Found a radiant altar of Vehumet.
 11312 | D:7      | Reached skill level 7 in Fire Magic
 11393 | D:7      | Reached * piety under Sif Muna
 11843 | D:7      | Found a hazy altar of Hepliaklqana.
 12866 | D:8      | Found a runed translucent door.
 12991 | D:8      | Learned a level 3 spell: Gell's Gravitas
 13158 | D:8      | Noticed a deep elf mage
 13185 | D:8      | Killed a deep elf mage
 13221 | D:8      | Reached skill level 8 in Fire Magic
 13318 | D:8      | Reached ** piety under Sif Muna
 13364 | D:8      | Found a runed translucent door.
 13439 | D:8      | Reached XP level 10. HP: 67/77 MP: 2/19
 13887 | D:8      | Found a runed translucent door.
 13887 | D:8      | Found a shimmering altar of Xom.
 13887 | D:8      | Noticed miconnor's ghost (novice OpMo)
 13887 | D:8      | Noticed a +1 mace of chaos
 14543 | D:9      | Noticed a two-headed ogre
 14566 | D:9      | Killed a two-headed ogre
 14762 | D:9      | Noticed a white ugly thing
 14762 | D:9      | Noticed a green ugly thing
 14822 | D:9      | Killed a green ugly thing
 14822 | D:9      | Reached skill level 9 in Fire Magic
 14928 | D:9      | Found a staircase to the Orcish Mines.
 14938 | D:9      | Found a shattered altar of Ashenzari.
 15035 | D:9      | Found a glowing golden altar of the Shining One.
 15646 | D:9      | Noticed a death drake
 15929 | D:9      | Learned a level 5 spell: Lightning Bolt
 16249 | D:9      | Noticed a fire crab
 16255 | D:9      | a fire crab changed into something unseen
 16299 | D:9      | Found a staircase to the Lair.
 16354 | D:9      | Reached *** piety under Sif Muna
 16531 | D:9      | Identified 2 scrolls of acquirement
 16534 | D:9      | Identified Sif Muna's Compendium of Air and Enhancements
                  | (You acquired it on level 9 of the Dungeon)
 16610 | D:9      | Reached **** piety under Sif Muna
 16610 | D:9      | Reached skill level 10 in Fire Magic
 16610 | D:9      | Reached skill level 5 in Air Magic
 16610 | D:9      | Reached XP level 11. HP: 84/84 MP: 19/22
 16697 | D:8      | Learned a level 4 spell: Airstrike
 16772 | D:9      | Paralysed by a floating eye for 4 turns
 16787 | D:9      | Paralysed by a hornet for 1 turns
 17444 | D:8      | Reached skill level 1 in Invocations
 18017 | Lair:1   | Entered Level 1 of the Lair of Beasts
 18169 | Lair:1   | Got a pair of brightly glowing boots
 18177 | Lair:1   | Identified the +2 pair of boots "Voub Dent" {*Slow MR+
                  | Slay+2} (You found it on level 1 of the Lair of Beasts)
 18240 | Lair:1   | Reached skill level 1 in Staves
 18380 | Lair:1   | Reached skill level 1 in Evocations
 19697 | Lair:2   | Noticed a seven-headed hydra
 19895 | Lair:2   | Found a runed translucent door.
 19896 | Lair:2   | Found a gate leading to a gauntlet.
 19897 | Lair:2   | Noticed pmoppi's ghost (journeyman VSBe)
 19898 | Lair:2   | Identified the +6 spear of Crusades {venom, Str+2}
 19898 | Lair:2   | Noticed a spriggan rider
 19954 | Gauntlet | Entered a Gauntlet
 19954 | Gauntlet | Found a transporter.
 19954 | Gauntlet | Found a transporter.
 20032 | Gauntlet | Found a transporter.
 20035 | Gauntlet | Found a transporter.
 20043 | Gauntlet | Found a transporter.
 20046 | Gauntlet | Found a transporter.
 20048 | Gauntlet | Noticed a death scarab
 20049 | Gauntlet | Noticed a death scarab
 20057 | Gauntlet | Found a transporter.
 20059 | Gauntlet | Found the cursed +14 obsidian axe {chop, +Fly SInv *Curse}
 20072 | Gauntlet | Found a transporter.
 20073 | Gauntlet | Noticed a large abomination
 20095 | Gauntlet | Found a transporter.
 20098 | Gauntlet | Found a transporter.
 20099 | Gauntlet | Noticed a catoblepas
 20110 | Gauntlet | Found a transporter.
 20111 | Gauntlet | Found a transporter.
 20140 | Gauntlet | Reached skill level 5 in Fighting
 20437 | Gauntlet | Killed a catoblepas
 20437 | Gauntlet | Reached XP level 12. HP: 50/94 MP: 12/24
 20465 | Gauntlet | HP: 3/94 [gargoyle/stone arrow (10)]
 20467 | Gauntlet | HP: 1/94 [gargoyle/stone arrow (26)]
 21189 | Gauntlet | Noticed a minotaur
 21198 | Gauntlet | Killed a minotaur
 21198 | Gauntlet | Reached ***** piety under Sif Muna
 21198 | Gauntlet | Reached skill level 11 in Fire Magic
 21211 | Gauntlet | Identified the Disquisition on Black Arts and the Glacier
 21405 | Lair:2   | Reached skill level 5 in Dodging
 21581 | Lair:2   | Killed a seven-headed hydra
 21701 | Lair:2   | Found a staircase to the Snake Pit.
 22049 | Lair:2   | Got a twitching wooden ring
 22162 | Lair:2   | Noticed Gastronok
 22183 | Lair:2   | Killed Gastronok
 22183 | Lair:2   | Reached skill level 10 in Conjurations
 22584 | Lair:3   | Identified Xohympos's Reference Book on Warped Envenoming
                  | (Sif Muna gifted it to you on level 3 of the Lair of
                  | Beasts)
 22584 | Lair:3   | Received a gift from Sif Muna
 22808 | Lair:3   | Found a staircase to the Shoals.
 23550 | Lair:3   | Reached skill level 5 in Evocations
 23567 | Lair:3   | Noticed an eight-headed hydra
 23579 | Lair:3   | Killed an eight-headed hydra
 24180 | Lair:3   | Noticed a dire elephant
 24926 | Lair:3   | Reached XP level 13. HP: 74/102 MP: 7/26
 25243 | Lair:4   | Identified the ring "Nitum Orch" {rElec rC+ Stlth+} (You
                  | found it on level 2 of the Lair of Beasts)
 26280 | Lair:4   | Reached skill level 1 in Shields
 27665 | Lair:5   | Reached skill level 12 in Fire Magic
 27951 | Lair:5   | Reached skill level 5 in Staves
 28910 | Lair:6   | Entered Level 6 of the Lair of Beasts
 28910 | Lair:6   | Found a runed translucent door.
 28910 | Lair:6   | Found a viscous altar of Jiyva.
 28910 | Lair:6   | Found a staircase to the Slime Pits.
 30357 | Lair:6   | Found a runed translucent door.
 30358 | Lair:6   | Noticed a fire dragon
 31138 | Lair:6   | Noticed a fire dragon
 31752 | Lair:6   | Paralysed by a hornet for 3 turns
 32134 | Lair:6   | Identified Sif Muna's Reference Book on Calling and Heat
                  | (Sif Muna gifted it to you on level 6 of the Lair of
                  | Beasts)
 32134 | Lair:6   | Received a gift from Sif Muna
 32182 | Lair:5   | Learned a level 6 spell: Bolt of Fire
 32814 | Lair:6   | Killed a fire dragon
 33361 | Lair:6   | Killed a fire dragon
 33361 | Lair:6   | Reached XP level 14. HP: 89/110 MP: 0/27
 33971 | Orc:1    | Entered Level 1 of the Orcish Mines
 34093 | Orc:1    | Noticed Maurice
 34114 | Orc:1    | Killed Maurice
 34381 | Orc:2    | Entered Level 2 of the Orcish Mines
 34413 | Orc:2    | Found a staircase to the Elven Halls.
 34821 | Orc:1    | Noticed Urug
 34868 | Orc:2    | Reached skill level 10 in Spellcasting
 35309 | Orc:2    | Reached skill level 13 in Fire Magic
 35325 | Orc:2    | Reached skill level 5 in Summonings
 36120 | Orc:2    | Identified Jusezad's Papyrus of Summoning and Earth (Sif
                  | Muna gifted it to you on level 2 of the Orcish Mines)
 36120 | Orc:2    | Received a gift from Sif Muna
 36478 | Orc:2    | Found Meifow's Distillery.
 36479 | Orc:2    | Found Qefarap's Food Emporium.
 36484 | Orc:2    | Found Bushroj Oxod's Antique Armour Shop.
 36495 | Orc:2    | Found Ucoro's Food Shoppe.
 36516 | Orc:2    | Bought a potion of brilliance for 48 gold pieces
 36516 | Orc:2    | Bought a potion of magic for 96 gold pieces
 37473 | Orc:1    | Killed Urug
 38033 | D:10     | Entered Level 10 of the Dungeon
 38385 | Shoals:1 | Entered Level 1 of the Shoals
 39439 | Shoals:1 | Reached skill level 14 in Fire Magic
 39570 | Shoals:1 | Learned a level 3 spell: Vampiric Draining
 39702 | Shoals:1 | Reached XP level 15. HP: 91/115 MP: 16/29
 41112 | Shoals:2 | Noticed Frances
 41124 | Shoals:1 | Killed Frances
 41541 | Shoals:2 | HP: 3/115 [faun/stone (19)]
 41542 | Shoals:2 | Shot with a sling bullet by a faun

Skill      XL: |  1  2  3  4  5  6  7  8  9 10 11 12 13 14 15 |
---------------+----------------------------------------------+-----
Conjurations   | 2 3 5 7 9 10 11 12 | 12.0
Summonings     | 2 3 4 5 6 |  6.2
Air Magic      | 1 2 5 |  5.6
Poison Magic   | 1 2 |  2.3
Translocations | 2 3 4 |  4.0
Spellcasting   | 4 5 6 7 8 9 10 | 10.5
Fire Magic     | 3 6 8 10 11 12 14 | 14.2
Necromancy     | 1 2 |  2.7
Dodging        | 3 4 5 6 |  6.0
Fighting       | 3 4 5 6 |  6.1
Invocations    | 2 4 |  4.0
Staves         | 2 4 6 7 |  7.6
Evocations     | 2 5 8 9 |  9.4
Shields        | 4 |  4.1
Stealth        | |  1.7

Action                   |  1- 3 |  4- 6 |  7- 9 | 10-12 | 13-15 || total
-------------------------+-------+-------+-------+-------+-------++-------
Melee: Dagger            |     2 |     1 |       |       |       ||     3
       Falchion          |       |    24 |    17 |       |       ||    41
       Tailslap          |       |     4 |    22 |    21 |    26 ||    73
       Quarterstaff      |       |       |   197 |    50 |       ||   247
       Staff             |       |       |       |   100 |   247 ||   347
       Unarmed           |       |       |       |       |     3 ||     3
Throw: Tomahawk          |     4 |     4 |     6 |       |       ||    14
       Throwing net      |       |       |       |     1 |     1 ||     2
 Cast: Magic Dart        |    60 |    66 |   102 |   132 |   173 ||   533
       Call Imp          |    26 |    49 |   115 |   107 |    31 ||   328
       Blink             |       |     5 |    13 |    55 |    33 ||   106
       Mephitic Cloud    |       |     2 |    19 |    22 |    13 ||    56
       Conjure Flame     |       |       |     2 |    16 |     4 ||    22
       Animate Skeleton  |       |       |    15 |    57 |    55 ||   127
       Gell's Gravitas   |       |       |     3 |     3 |       ||     6
       Lightning Bolt    |       |       |       |    68 |    60 ||   128
       Apportation       |       |       |       |     2 |     2 ||     4
       Airstrike         |       |       |       |    28 |    47 ||    75
       Bolt of Fire      |       |       |       |       |   164 ||   164
Invok: Divine Energy     |       |       |     1 |     2 |     2 ||     5
       Stop Divine Energ |       |       |       |     2 |     2 ||     4
 Abil: Breathe Fire      |       |       |     9 |    50 |    33 ||    92
       Evoke Invisibilit |       |       |       |       |     4 ||     4
Evoke: Wand              |       |       |       |     7 |    11 ||    18
       Sack of spiders   |       |       |       |     4 |       ||     4
       Lamp of fire      |       |       |       |       |     2 ||     2
       Crystal ball of e |       |       |       |       |     9 ||     9
  Use: Scroll            |     1 |     8 |     5 |    18 |    23 ||    55
       Potion            |       |       |     1 |    13 |     7 ||    21
 Stab: Confused          |       |       |     3 |     2 |       ||     5
       Sleeping          |       |       |     1 |     2 |     1 ||     4
       Paralysed         |       |       |     1 |       |       ||     1
       Held in net/web   |       |       |       |       |     1 ||     1
       Invisible         |       |       |       |       |     1 ||     1
  Eat: Chunk             |     4 |     6 |    14 |    57 |    97 ||   178
       Ration            |     1 |     2 |     3 |     5 |     7 ||    18
Armor: Skin              |     5 |    21 |    71 |   155 |   164 ||   416
Dodge: Dodged            |    19 |    54 |   136 |   213 |   282 ||   704
Block: Buckler           |       |       |       |       |    89 ||    89
       Rpst.: Falchion   |       |    15 |     8 |       |       ||    23
